[Event "Early-Titled-Tuesday-Blitz-May-14-2024"]
[Site "Chess.com"]
[Date "2024.05.14"]
[Round "5"]
[White "nitpicker"]
[Black "MaxLeto"]
[Result "1/2-1/2"]
[WhiteElo "2283"]
[BlackElo "2422"]
[TimeControl "180+1"]
[EndTime "8:58:35 PDT"]
[Termination "Game drawn by repetition"]

1. d4 h5 2. Nf3 h4 3. h3 d5 4.
Bf4 Bf5 5. e3 e6 6. Bd3 Bxd3 7.
cxd3 c5 8. Qb3 Qb6 9. Nbd2 Nc6 10.
dxc5 Bxc5 11. d4 Qxb3 12. Nxb3 Bb4+ 13. Ke2 f6 14. Rhc1 g5 15. Bh2 Nh6 16. a3 Be7 17. Nc5 Bxc5 18. Rxc5 Kd7 19. b4 Rhc8 20. Rac1 a6 21. Ne1 Nf5 22. Nd3 b6 23. R5c3 Nd6 24. Nb2 Nb5 25. Na4 Nxc3+ 26. Rxc3 Rab8 27. Bxb8 Rxb8 28. Kd3 Kc7 29. f3 Kb7 30. Nb2 Rc8 31. Nd1 Rc7 32.
Nf2 Kc8 33. Ng4 f5 34. Nf2 Kd7 35. e4 Kd6 36. e5+ Kd7 37. Nd1 Na7 38. Rxc7+ Kxc7 39. a4 Kc6 40. Ne3 Kd7 41. f4 gxf4 42. Nf1 Nc6 43. Kc3 a5 44. bxa5 bxa5 45. Nd2 Nb4 46. Nf3 Na2+ 47. Kc2 Nb4+ 48. Kd2 Nc6 49. Kc3 Ke7 50.
Nxh4 Kf7 51. Nf3 Kg6 52. Ng1 Kg5 53. Nf3+ Kh5 54. Kd3 Nb4+ 55. Kc3 Nc6 56. Kd3 Ne7 57. Kc3 Nc6 1/2-1/2

[Event "Early-Titled-Tuesday-Blitz-May-14-2024"]
[Site "Chess.com"]
[Date "2024.05.14"]
[Round "5"]
[White "Eagle_2019"]
[Black "FormerProdigy"]
[Result "0-1"]
[WhiteElo "2862"]
[BlackElo "3004"]
[TimeControl "180+1"]
[EndTime "8:58:36 PDT"]
[Termination "FormerProdigy won on time"]

1. Nf3 d5 2. g3 Nd7 3. d4 Nb6 4. Bg2 Bf5 5. O-O e6 6. Nbd2 c6 7. a4 a5 8. c3 h6 9. Qe1 Nf6 10. Nh4 Bh7 11. e4 g5 12. Nf5 Nxe4 13. Ne3 Nxd2 14. Qxd2 Bd6 15. b3 Qe7 16. Qe2 Nd7 17. c4 Nf6 18. Re1 O-O 19. Ng4 Nxg4 20. Qxg4 Qf6 21. h4 Bf5 22. hxg5 hxg5 23. Qxg5+ Qxg5 24. Bxg5 Bb4 25. Rec1 f6 26. Bf4 Kf7 27. f3 Rad8 28. g4 Bd3 29. c5 Rfe8 30. Bd6 e5 31. dxe5 fxe5 32. Kf2 Bd2 33. Rd1 Bc3 34. Rac1 Bb2 35. Rb1 Bxb1 36. Rxb1 Bd4+ 37. Kg3 Be3 38. b4 Bf4+ 39.
Kf2 axb4 40. Rxb4 Rd7 41. g5 Rh8 42. a5 Kg6 43. a6 bxa6 44. Rb6 Kxg5 45. Rxc6 Rh2 46.
Kg1 Rg7 47. Rc8 Kf6 48. Rf8+ Ke6 49. Re8+ Kd7 50. Rb8 Rgxg2+ 51. Kf1 Rf2+ 0-1

[Event "Early-Titled-Tuesday-Blitz-May-14-2024"]
[Site "Chess.com"]
[Date "2024.05.14"]
[Round "5"]
[White "maximnovik"]
[Black "Meri-Arabidze"]
[Result "0-1"]
[WhiteElo "2524"]
[BlackElo "2703"]
[TimeControl "180+1"]
[EndTime "8:58:36 PDT"]
[Termination "Meri-Arabidze won by resignation"]

1. e4 c5 2. Nf3 e6 3. c3 Nf6 4. e5 Nd5 5. d4 cxd4 6. cxd4 b6 7.
Nc3 Nxc3 8. bxc3 Qc7 9. Bd2 Be7 10. Bd3 Ba6 11. Be4 Nc6 12. Ng5 h6 13. Qh5 Bxg5 14.
Bxg5 Nxd4 15. Rc1 Qxe5 16. cxd4 Qxe4+ 17. Be3 O-O 18. Qe5 Qd3 19. Bd2 Rac8 20. Qe3 Rxc1+ 21.
Bxc1 Qb1 22. f3 Rc8 23. Kf2 Qxa2+ 24. Kg3 Rc2 25. Rg1 Qd5 26. h4 Qf5 27. Kh2 Bb7 28.
Rf1 a5 29. Ba3 b5 30. Bd6 b4 31. Rf2 Rc3 32. Qd2 Bd5 33. Re2 Bc4 34. Re5 Qf6 35.
Re4 Bd5 36. Rf4 Qd8 37. Rg4 h5 38. Rg5 Rc6 39. Bg3 g6 40. Be5 d6 41. Bg3 b3 42.
Bf4 Rc2 43. Qd1 Qb8 44. Rg3 Qb7 45. Qe1 b2 46. Bxd6 b1=Q 47. Qe5 Rc1 48. Rxg6+ fxg6 49. Qf6 Rh1+ 50. Kg3 Qe1+ 51. Kf4 Qxh4+ 52. Qxh4 Rxh4+ 53. Ke5 Rh1 54. Kf6 Bxf3 55. d5 Qxd5 56. Ke7 Bxg2 0-1

[Event "Early-Titled-Tuesday-Blitz-May-14-2024"]
[Site "Chess.com"]
[Date "2024.05.14"]
[Round "5"]
[White "Cheer_Down"]
[Black "Aswathchess"]
[Result "0-1"]
[WhiteElo "2456"]
[BlackElo "2656"]
[TimeControl "180+1"]
[EndTime "8:58:37 PDT"]
[Termination "Aswathchess won by checkmate"]

1. e4 c5 2. Nf3 d6 3. d4 cxd4 4. Nxd4 Nf6 5. Nc3 a6 6. Rg1 e5 7.
Nb3 Be6 8. f4 Qb6 9. Rh1 exf4 10. Bxf4 Nbd7 11. Qd2 Be7 12. O-O-O Ne5 13. Kb1 Rc8 14.
Nd4 Bg4 15. Re1 O-O 16. h3 Be6 17. Be3 Qc7 18. g4 b5 19. a3 Rfe8 20. Be2 Nc4 21. Bxc4 Qxc4 22. Qd3 Bf8 23. Bg5 Nd7 24. Nxe6 fxe6 25.
Qxc4 Rxc4 26. Rd1 Ne5 27. Bf4 Nf7 28. Rd3 g5 29. Bg3 Rec8 30. Rhd1 R8c6 31. Rf1 Bg7 32. Rdf3 Rc7 33. Be1 h6 34. Rd3 Be5 35. Bg3 Bxg3 36. Rxg3 Ne5 37. Rg2 Kg7 38. Rgf2 R4c5 39. Rf6 Re7 40.
Kc1 a5 41. Kd2 b4 42. axb4 axb4 43. Ne2 Rc4 44. Ng3 Rec7 45. Nh5+ Kh7 46. Rc1 Rxe4 47.
Rf8 Nc4+ 48. Kd3 Re3+ 49. Kd4 Rc5 50. Rf7+ Kg8 51. Rg7+ Kh8 52. Ra1 e5# 0-1

[Event "Early-Titled-Tuesday-Blitz-May-14-2024"]
[Site "Chess.com"]
[Date "2024.05.14"]
[Round "5"]
[White "youngdinousaur"]
[Black "yaguigor"]
[Result "0-1"]
[WhiteElo "2385"]
[BlackElo "2582"]
[TimeControl "180+1"]
[EndTime "8:58:37 PDT"]
[Termination "yaguigor won by resignation"]

1. d4 d5 2. Bf4 Nf6 3. e3 c5 4. c3 Nc6 5. Nf3 Qb6 6. Qc2 Bf5 7. dxc5 Bxc2 8. cxb6 axb6 9. Na3 Rxa3 10. bxa3 e6 11. Bb5 Bxa3 12. Nd4 Bg6 13. Nxc6 bxc6 14. Bxc6+ Ke7 15.
Be5 Ne4 16. O-O f6 17. Bd4 Rc8 18. Bb5 Nxc3 19. Ba6 Rc7 20. Bxb6 Rc6 21. Bd4 Bb2 22. Bb5 Rc8 23. Bxc3 Rxc3 24. Rad1 Ra3 25. Rd2 Bc3 26.
Re2 Kd6 27. Rc1 e5 28. f3 Bf7 29. Bd3 h6 30. Bb1 d4 31. exd4 exd4 32. Rec2 g5 33. Rxc3 Rxc3 34. Rxc3 dxc3 35. Kf2 Bxa2 36. Bc2 Ke5 37.
Ke3 Bc4 38. g3 Kd5 39. f4 Kc5 40. h4 gxh4 41. gxh4 Bf1 42. Ke4 Kc4 43. Ke3 Bh3 44. Ke4 Bd7 45. Ke3 f5 46. Ke2 Kd4 47. Kf3 Bc6+ 48. Kg3 Be4 49. Bb3 c2 50. Bxc2 Bxc2 51.
h5 Ke3 52. Kh4 Kxf4 53. Kh3 Kg5 54. Kg3 Kxh5 55. Kh3 Kg5 56. Kg3 f4+ 57. Kf3 Bf5 0-1

[Event "Early-Titled-Tuesday-Blitz-May-14-2024"]
[Site "Chess.com"]
[Date "2024.05.14"]
[Round "5"]
[White "Josgar05"]
[Black "Dewarfd"]
[Result "0-1"]
[WhiteElo "2422"]
[BlackElo "2087"]
[TimeControl "180+1"]
[EndTime "8:58:37 PDT"]
[Termination "Dewarfd won by checkmate"]

1. Nf3 g6 2. b3 Bg7 3. d4 c5 4.
Bb2 Nc6 5. e3 cxd4 6. exd4 d5 7.
Be2 Nf6 8. O-O O-O 9. h3 Bf5 10. a3 Rc8 11. Nbd2 Ne4 12. Re1 Qa5 13. b4 Qc7 14.
Nb3 b6 15. Bf1 Nb8 16. Rc1 Nc3 17. Qd2 Be4 18. Qe3 Bxf3 19. Qxf3 e6 20. Bd3 Nd7 21. Ra1 Nf6 22. Nd2 Nh5 23. Nb3 Qf4 24. Qxf4 Nxf4 25. Ba6 Rc7 26. Kh2 Nh5 27. g3 Nf6 28. Re3 Nce4 29.
f3 Nd6 30. Nd2 Nc4 31. Bxc4 dxc4 32. c3 Nd5 33. Re2 Rcc8 34. f4 a6 35. Nf3 Rc7 36. Rae1 Rfc8 37. Ne5 Bxe5 38. fxe5 Ne7 39. Rf1 Nd5 40.
Rff2 a5 41. Bc1 axb4 42. axb4 Nxc3 43. Rc2 Nd5 44. Bg5 Nxb4 45. Rb2 Nd3 46. Rxb6 Nxf2 47. h4 Ne4 48. Bf4 c3 49. h5 c2 50. Bc1 Nc3 51.
hxg6 hxg6 52. Rb3 Ne2 53. Be3 c1=Q 54. Bxc1 Rxc1 55. Rf3 R1c2 56. Kh3 Nxd4 57. Rd3 Nf5 58. Kg4 R2c4+ 59. Kg5 Rc3 60. Rd7 Rxg3+ 61. Kf6 Rgc3 62. Rxf7 Rf8 63. Kxg6 Rxf7 64. Kg5 Rg7+ 65. Kf6 Ne3 66. Kxe6 Nc4 67. Kf6 Nxe5 68. Kxe5 Rcc7 69. Kf6 Rcf7+ 70. Ke5 Rg6 71. Kd5 Kg7 72. Ke5 Rff6 73. Ke4 Rg5 74. Ke3 Kg6 75. Ke2 Rf4 76. Ke1 Rg3 77. Ke2 Rff3 78.
Ke1 Rg2 79. Kd1 Rf1# 0-1

[Event "Early-Titled-Tuesday-Blitz-May-14-2024"]
[Site "Chess.com"]
[Date "2024.05.14"]
[Round "5"]
[White "stepanosinovsky"]
[Black "Actuary44"]
[Result "1-0"]
[WhiteElo "2320"]
[BlackElo "2465"]
[TimeControl "180+1"]
[EndTime "8:58:37 PDT"]
[Termination "stepanosinovsky won on time"]

1. Nf3 d6 2. g3 e5 3. Bg2 f5 4. O-O g6 5. d4 e4 6. Nfd2 Bg7 7. e3 Ne7 8. c4 O-O 9. f3 exf3 10. Nxf3 Nbc6 11.
Nc3 h6 12. Bd2 g5 13. h4 Ng6 14. h5 Nge7 15. Qe2 Bd7 16. Rae1 Be8 17. Nh2 Bf7 18. Kh1 Qe8 19. g4 fxg4 20. Rxf7 Qxf7 21. Nd5 Qxh5 22. Nxc7 Rac8 23. Nb5 Nf5 24. Qxg4 Qxg4 25. Nxg4 a6 26. Nc3 Rce8 27. Nd5 h5 28. Nf2 Ng3+ 29.
Kg1 h4 30. b4 Kh8 31. Ng4 Ne4 32. Bc1 Nf6 33. Ngxf6 Bxf6 34. Nxf6 Rxf6 35. e4 Nxd4 36. Bb2 Rf4 37. Bxd4+ Kh7 38. c5 dxc5 39. Bxc5 g4 40. e5 h3 41. Bxb7 g3 42. e6 Rc4 43.
e7 h2+ 44. Kh1 Rc2 45. Bc6 g2+ 46. Bxg2 Rxg2 47. Kxg2 Kg6 48. Kxh2 Kf7 49. Kg2 Rg8+ 50. Kf2 Ke8 51. Rf1 Rh8 52. Ke3 Rh3+ 53. Kd4 Rh4+ 54. Kd5 Rh5+ 55. Kc6 Rh6+ 56. Kc7 Rh8 57. Rf8+ 1-0

[Event "Early-Titled-Tuesday-Blitz-May-14-2024"]
[Site "Chess.com"]
[Date "2024.05.14"]
[Round "5"]
[White "littlepinkyboy"]
[Black "Anton_Demchenko"]
[Result "0-1"]
[WhiteElo "2675"]
[BlackElo "2866"]
[TimeControl "180+1"]
[EndTime "8:58:38 PDT"]
[Termination "Anton_Demchenko won by resignation"]

1. e4 e5 2. Nf3 Nc6 3. Bb5 a6 4. Ba4 d6 5. O-O Nf6 6. d3 b5 7.
Bb3 Na5 8. h3 c5 9. Nc3 Be7 10. Bd5 Rb8 11. a3 b4 12. axb4 cxb4 13. Ne2 Nxd5 14. exd5 O-O 15. c4 bxc3 16. bxc3 Bd7 17.
Be3 f5 18. c4 f4 19. Bd2 Nb3 20. Rxa6 Nc5 21. Ra7 Qb6 22. Ra3 Nb3 23. d4 e4 24.
Nh2 f3 25. Ng3 fxg2 26. Kxg2 Qxd4 27. Rxb3 Rxb3 28. Qxb3 Qxd2 29. Nxe4 Qf4 30. Ng3 Qh4 31. Ng4 h5 32. Nxh5 Qxh5 33. Qg3 Kh8 34. f4 Bf5 35. Qf3 Qg6 36. Re1 Bf6 37. Re2 Bd4 38. Kh2 Bc5 39. Ne3 Be4 40. Qg3 Qxg3+ 41. Kxg3 Bd3 42. Re1 Re8 43.
Ng2 Rxe1 44. Nxe1 Bxc4 45. Nf3 Bxd5 46. Ng5 Kg8 47. f5 Ba2 48. Kf4 Bd4 49. Ne4 Be5+ 50.
Kg5 Bb1 51. Kg4 Bxe4 0-1

[Event "Early-Titled-Tuesday-Blitz-May-14-2024"]
[Site "Chess.com"]
[Date "2024.05.14"]
[Round "5"]
[White "AradNazari"]
[Black "JiaHaoxiang"]
[Result "1-0"]
[WhiteElo "2812"]
[BlackElo "2607"]
[TimeControl "180+1"]
[EndTime "8:58:39 PDT"]
[Termination "AradNazari won by checkmate"]

1. e4 c5 2. Nf3 d6 3. Bb5+ Bd7 4. Bxd7+ Qxd7 5. O-O Nf6 6. Re1 Nc6 7. c3 e6 8. d4 cxd4 9. cxd4 d5 10. e5 Ne4 11.
a3 Be7 12. Qd3 O-O 13. Nbd2 Nxd2 14. Bxd2 a6 15. h4 h6 16. Re3 f5 17. exf6 Bxf6 18.
Rae1 Rae8 19. g3 Qf7 20. R1e2 Bd8 21. b4 Bc7 22. a4 Qh5 23. Kg2 Rf6 24. b5 axb5 25.
axb5 Nd8 26. Bb4 b6 27. Qc2 Rf7 28. Ne1 Qg4 29. Qd3 Rf6 30. f3 Qh5 31. Qc2 Rf7 32. Nd3 Qg6 33. f4 Bb8 34. Qc8 Bc7 35. Ne5 Bxe5 36. Rxe5 Qd3 37. Rxe6 Rxe6 38. Rxe6 Qxb5 39. Qxd8+ Kh7 40. Re8 Qxb4 41. h5 Qd2+ 42. Kh3 g5 43.
Rh8+ Kg7 44. Qg8+ Kf6 45. Rxh6+ Ke7 46. Qxg5+ Kd7 47. Qxd5+ Ke8 48. Qe6+ Kf8 49. Rh8+ Kg7 50. Qh6# 1-0

[Event "Early-Titled-Tuesday-Blitz-May-14-2024"]
[Site "Chess.com"]
[Date "2024.05.14"]
[Round "5"]
[White "th3d4rkness"]
[Black "SaiHanThiha"]
[Result "0-1"]
[WhiteElo "2179"]
[BlackElo "2452"]
[TimeControl "180+1"]
[EndTime "8:58:39 PDT"]
[Termination "SaiHanThiha won by resignation"]

1. e4 d6 2. d4 Nf6 3. Nc3 e5 4. d5 c6 5. Bg5 Be7 6. Nf3 Nxd5 7. exd5 Bxg5 8. Nxg5 Qxg5 9. dxc6 Nxc6 10. Qxd6 Qe7 11.
Qxe7+ Nxe7 12. Bb5+ Bd7 13. Bxd7+ Kxd7 14. O-O-O+ Kc6 15. Rhe1 Ng6 16. Nd5 Rhd8 17. Nb4+ Kb5 18. Nd3 f6 19. g3 Rac8 20. Kb1 Rd4 21. c3 Rd6 22. Nb4 Rcd8 23. Kc2 a5 24. Rxd6 Rxd6 25. Nd3 Kc6 26. h4 h5 27. b3 b5 28. Nb2 Ne7 29. Rd1 Nd5 30. a3 e4 31. c4 Nc7 32. Rxd6+ Kxd6 33. cxb5 Nxb5 34. Nc4+ Kc5 35. a4 Nd4+ 36.
Kc3 Nc6 37. Nd2 f5 38. Nc4 g6 39. Ne3 Nb4 40. Nc4 Nd5+ 41. Kc2 Kb4 42. Ne3 Nc3 43. Kb2 Ne2 44. Nd5+ Kc5 45. Ne7 f4 46. Nxg6 fxg3 47. fxg3 Nxg3 48. Kc3 e3 49. Nf4 e2 50. Kd2 Kb4 51. Nxe2 Nxe2 52. Kxe2 Kxb3 53. Kd3 Kxa4 54. Kc4 Ka3 55. Kc3 a4 56. Kc2 Ka2 57. Kc1 Kb3 58. Kb1 Kc3 59. Ka2 Kd3 60. Ka3 Ke3 61. Kxa4 Kf3 62. Kb4 Kg3 63. Kc3 Kxh4 64. Kd2 Kg3 65. Ke1 Kg2 0-1

[Event "Early-Titled-Tuesday-Blitz-May-14-2024"]
[Site "Chess.com"]
[Date "2024.05.14"]
[Round "5"]
[White "gau248"]
[Black "SargissyanSargis"]
[Result "1-0"]
[WhiteElo "2605"]
[BlackElo "2431"]
[TimeControl "180+1"]
[EndTime "8:58:41 PDT"]
[Termination "gau248 won by resignation"]

1. c4 e5 2. Nc3 Nf6 3. d3 d5 4. cxd5 Nxd5 5. Nf3 Nc6 6. a3 Be7 7. e4 Nf6 8. Be2 O-O 9. O-O Bg4 10.
b4 Bxf3 11. Bxf3 Nd4 12. Bb2 Qd7 13. g3 a5 14. bxa5 Rxa5 15. Bg2 Rfa8 16. a4 Nc6 17. Nb5 Bc5 18. Bc3 R5a6 19. Kh1 Nd4 20. f4 Nxb5 21. axb5 Rxa1 22. Bxa1 Bd4 23. Bxd4 Qxd4 24. fxe5 Qxe5 25.
d4 Qxb5 26. e5 Ne8 27. Qf3 Qd7 28. Qxb7 Rd8 29. d5 Qg4 30. d6 Qd7 31. Bc6 Qe6 32.
dxc7 Nxc7 33. Qxc7 Rc8 34. Rd1 h5 35. Rd8+ Rxd8 36. Qxd8+ Kh7 37. Be4+ g6 38. Qf6 Qc4 39. Qf4 Kg7 40. Kg2 Qe2+ 41. Kh3 Qc4 42. Qf6+ Kh7 43.
e6 Qxe6+ 44. Qxe6 fxe6 45. Kg2 Kh6 46. Kf3 Kg5 47. Ke3 Kf6 48. Bg2 g5 49. Kf3 Kf5 50. Bf1 e5 51. Be2 e4+ 52. Ke3 h4 53. g4+ Ke5 54. h3 Kd5 55. Bf1 Ke5 56. Bg2 1-0

[Event "Early-Titled-Tuesday-Blitz-May-14-2024"]
[Site "Chess.com"]
[Date "2024.05.14"]
[Round "5"]
[White "AryanTari"]
[Black "BilodeauA"]
[Result "0-1"]
[WhiteElo "3051"]
[BlackElo "2910"]
[TimeControl "180+1"]
[EndTime "8:58:42 PDT"]
[Termination "BilodeauA won by resignation"]

1. e4 e5 2. Nf3 Nc6 3. d4 exd4 4. Nxd4 Nf6 5. Nxc6 bxc6 6. Nd2 d6 7. b3 g6 8. Bb2 Bg7 9. Bd3 O-O 10. O-O Nh5 11. Bxg7 Nxg7 12. f4 f5 13. c3 fxe4 14. Nxe4 Bf5 15.
Qd2 Qd7 16. Rae1 Rae8 17. c4 Ne6 18. Bb1 Qg7 19. Ng5 Qd4+ 20. Qxd4 Nxd4 21. Bxf5 gxf5 22.
Kf2 h6 23. Nf3 Ne6 24. g3 Nc5 25. Rxe8 Rxe8 26. Nd2 Kf7 27. Kf3 Kf6 28. h3 h5 29.
Rg1 a5 30. Rf1 Nd3 31. Rg1 Nb4 32. a3 Nc2 33. Rd1 Nd4+ 34. Kf2 Re2+ 35. Kf1 Rh2 36. Ne4+ fxe4 37. Rxd4 Kf5 38. b4 Ra2 39. bxa5 Rxa3 40.
c5 d5 41. Rb4 Rxa5 42. Rb8 e3 43. Re8 Rxc5 44. Re5+ Kf6 45. Rxe3 Rc4 46. Kf2 h4 47. Kf3 hxg3 48. Kxg3 d4 49. Re8 c5 50. Rd8 Rc1 51. h4 Ke7 52. Rd5 c6 53. Re5+ Kf6 54.
Kf3 d3 55. Ke3 c4 56. Rc5 Rc2 57. Rxc6+ Kf5 58. Rc5+ Kg4 59. h5 d2 60. Ke2 c3 61.
Rd5 Rc1 62. h6 Re1+ 63. Kf2 d1=Q 0-1

[Event "Early-Titled-Tuesday-Blitz-May-14-2024"]
[Site "Chess.com"]
[Date "2024.05.14"]
[Round "5"]
[White "aloe_normansen"]
[Black "IMRosen"]
[Result "0-1"]
[WhiteElo "2571"]
[BlackElo "2785"]
[TimeControl "180+1"]
[EndTime "8:58:42 PDT"]
[Termination "IMRosen won on time"]

1. e4 c5 2. Nf3 Nc6 3. d4 cxd4 4. Nxd4 g6 5. c4 Nf6 6. Nc3 d6 7. Be2 Nxd4 8. Qxd4 Bg7 9. Be3 O-O 10. Qd2 a5 11. f3 a4 12. Kf2 Qa5 13. Rab1 Be6 14. Nd5 Nxd5 15. cxd5 Bd7 16. Qxa5 Rxa5 17. Rhc1 Bb5 18.
Bd2 Bxe2 19. Bxa5 Bd3 20. Bc3 Bxb1 21. Bxg7 Kxg7 22. Rxb1 Rc8 23. Re1 b5 24. a3 Kf6 25.
Re2 Rc1 26. Ke3 h5 27. f4 h4 28. Kd4 Rh1 29. h3 Rc1 30. Kd3 Rc4 31. Rf2 e6 32. dxe6 fxe6 33. Re2 d5 34. exd5 exd5 35. Re5 Rxf4 36.
Rxd5 Rf2 37. Rxb5 Rxg2 38. Rb4 Rg3+ 39. Ke2 Rxh3 40. Rxa4 Rh2+ 41. Kf3 g5 42. Ra6+ Kf5 43. Ra5+ Kg6 44. b4 Kh5 45. Rc5 Rh3+ 46. Kg2 Rxa3 47. b5 Rb3 48. Kh2 Rb4 49. Kg2 Kg4 50. Kf2 Rb2+ 51.
Kg1 h3 52. Rc4+ Kg3 53. Rc3+ Kh4 54. Rc5 g4 55. Rc8 Rxb5 56. Rc1 Rb4 57. Kh1 g3 0-1

[Event "Early-Titled-Tuesday-Blitz-May-14-2024"]
[Site "Chess.com"]
[Date "2024.05.14"]
[Round "5"]
[White "hongnhung1234"]
[Black "Buzhizhebuguai"]
[Result "1-0"]
[WhiteElo "2573"]
[BlackElo "2761"]
[TimeControl "180+1"]
[EndTime "8:58:43 PDT"]
[Termination "hongnhung1234 won by resignation"]

1. e4 e6 2. d4 d5 3. Nc3 Bb4 4.
e5 Ne7 5. a3 Bxc3+ 6. bxc3 c5 7. Qg4 cxd4 8. Qxg7 Rg8 9. Qxh7 Qc7 10. Ne2 dxc3 11. f4 Nbc6 12. Qd3 d4 13. Nxd4 Nxd4 14. Qxd4 Bd7 15. Rg1 Nf5 16. Qf2 Bc6 17. Bd3 Rd8 18. g4 Nd4 19. Rg3 Qb6 20. Be3 Qb2 21. Rd1 Nb5 22. Bc1 Qa2 23. Bxb5 Rxd1+ 24. Kxd1 Bxb5 25. Qc5 Bc6 26. g5 Rh8 27. h3 Qd5+ 28. Qxd5 Bxd5 29. Rxc3 Kd7 30. Rg3 Be4 31. Bd2 Bf5 32. Rb3 b6 33. a4 Bxh3 34. Be3 Bg4+ 35. Kd2 Rh2+ 36. Kc3 Bf5 37. Rb2 Rh3 38. Kd4 Kc6 39.
c4 Rh1 40. a5 Rd1+ 41. Rd2 Rxd2+ 42. Bxd2 bxa5 43. Bxa5 Bg6 44. Bb4 a6 45. Kc3 Bf5 46.
Bd6 Bg6 47. Kb4 Bd3 48. Be7 a5+ 49. Kc3 Bf1 50. f5 exf5 51. e6 fxe6 52. g6 Kd7 53. g7 1-0

[Event "Early-Titled-Tuesday-Blitz-May-14-2024"]
[Site "Chess.com"]
[Date "2024.05.14"]
[Round "5"]
[White "AlphaGoosee"]
[Black "viktorgen2021"]
[Result "0-1"]
[WhiteElo "2629"]
[BlackElo "2503"]
[TimeControl "180+1"]
[EndTime "8:58:43 PDT"]
[Termination "viktorgen2021 won by resignation"]

1. e4 g6 2. d4 Bg7 3. Nc3 d6 4. Be3 c6 5. Qd2 Nd7 6. h4 h5 7. Nf3 Ngf6 8. Ng5 Ng4 9. Bc4 O-O 10. O-O-O b5 11. Bb3 Nxe3 12. fxe3 Nb6 13. Rdg1 Bg4 14. Nd1 Nc4 15. Bxc4 bxc4 16. Nf2 Qd7 17. Nxg4 Qxg4 18. Rf1 f6 19. Nh3 Qxe4 20. Qe2 c3 21. bxc3 Rab8 22. Qd3 d5 23. Qxe4 dxe4 24. Kd2 Rb2 25.
Rb1 Rfb8 26. Rxb2 Rxb2 27. Ra1 Kf7 28. Nf2 f5 29. Nh3 Kf6 30. g3 Bh6 31. Nf4 a5 32. c4 g5 33. Nxh5+ Kg6 34. hxg5 Kxg5 35. Nf4 Kg4 36. Kc3 Rb7 37. c5 Kf3 38. d5 cxd5 39.
Rf1+ Kxe3 40. Nxd5+ Ke2 41. Rh1 Bd2+ 42. Kc4 e6 43. c6 Rb8 44. Nf4+ Bxf4 45. gxf4 Rc8 46. Kc5 e3 47. Kd6 Kd2 48. Kd7 Rg8 49. c7 Kxc2 50.
Kxe6 e2 51. Kxf5 Rc8 52. Ke4 Kd2 53. Kf3 e1=Q 54. f5 Qxh1+ 0-1

[Event "Early-Titled-Tuesday-Blitz-May-14-2024"]
[Site "Chess.com"]
[Date "2024.05.14"]
[Round "5"]
[White "Vesper2018"]
[Black "SirStrateg"]
[Result "0-1"]
[WhiteElo "2550"]
[BlackElo "2686"]
[TimeControl "180+1"]
[EndTime "8:58:45 PDT"]
[Termination "SirStrateg won by resignation"]

1. e4 d6 2. d4 Nf6 3. Nc3 c6 4. f4 Qa5 5. Bd3 e5 6. Nf3 exd4 7. Nxd4 g6 8. O-O Bg7 9. Kh1 O-O 10. Be3 Re8 11. Qd2 Nbd7 12. a3 a6 13. b4 Qc7 14.
Rae1 c5 15. Nb3 c4 16. e5 dxe5 17. fxe5 Nxe5 18. Rxf6 Bxf6 19. Nd5 Qd8 20. Be4 cxb3 21. Bb6 Nc4 22. Bxd8 Nxd2 23. Nxf6+ Kf8 24. Nxe8 b2 25. Nc7 Rb8 26. Bf6 Nxe4 27. Bxb2 f5 28. c4 Bd7 29. Nd5 Be6 30. Nf6 Nxf6 31. Rxe6 Ne4 32. Rb6 Rd8 33. h3 Rd1+ 34. Kh2 f4 35. Be5 g5 36. h4 Ng3 37. Kh3 h5 38. Bxf4 gxf4 39. Rf6+ Ke7 40. Rxf4 Nf1 41. Rf5 Rd3+ 42. g3 Nxg3 43.
Re5+ Kd6 44. Re8 Nf5+ 45. Kg2 Nxh4+ 46. Kf2 Rf3+ 47. Ke2 Rxa3 48. Rh8 Nf5 49. Kd2 h4 50.
Rh7 Kc6 51. Kc2 h3 52. Rh5 Rf3 53. Kb2 b6 54. Rh7 a5 55. bxa5 bxa5 56. Ka2 Kc5 57. Rh5 Kxc4 58. Kb2 a4 59. Ka2 Kd4 60. Kb2 Ke4 0-1

[Event "Early-Titled-Tuesday-Blitz-May-14-2024"]
[Site "Chess.com"]
[Date "2024.05.14"]
[Round "5"]
[White "Resourchess"]
[Black "PawnEatingZombie"]
[Result "0-1"]
[WhiteElo "2359"]
[BlackElo "2282"]
[TimeControl "180+1"]
[EndTime "8:58:47 PDT"]
[Termination "PawnEatingZombie won on time"]

1. d4 Nf6 2. c4 g6 3. f3 Bg7 4. e4 d6 5. Nc3 O-O 6. Be3 a6 7. Nge2 Nc6 8. Rc1 Na5 9. Nf4 e5 10. dxe5 dxe5 11. Nfd5 h6 12. Be2 Nc6 13. O-O Nd7 14. Qd2 Kh7 15. Rfd1 Nd4 16. Bf1 c6 17. Nb4 Nc5 18. Nc2 Nce6 19. Kh1 a5 20. b3 Qc7 21. Ne2 c5 22. Ncxd4 cxd4 23. Bg1 Nc5 24. Ng3 h5 25. Bd3 h4 26. Nf1 h3 27. g3 Bd7 28. Bf2 Qb6 29.
Kg1 Qb4 30. f4 Qxd2 31. Rxd2 Bh6 32. Rdd1 Bg4 33. Rd2 exf4 34. Bxd4 Nxd3 35. Rxd3 fxg3 36. Re1 g2 37. Ng3 Rad8 38. Kf2 Bg7 39. Bxg7 Kxg7 40. Rxd8 Rxd8 41. Ke3 Kf6 42. Ne2 Bxe2 43. Kxe2 Ke5 44. Kf2 Rd4 45. Kg3 Rxe4 46. Rd1 Rd4 47. Re1+ Re4 48.
Rd1 f5 49. Kxh3 g5 50. Kxg2 g4 51. Kf2 Kf4 52. Rd5 Kg5 53. Rxa5 Kf4 54. Rb5 Rd4 55.
Rd5 Rxd5 56. cxd5 Ke5 57. Kg3 Kxd5 58. Kf4 Ke6 59. b4 b5 60. Ke3 Kf6 61. Kf4 Ke6 62.
a3 Kf6 0-1

[Event "Early-Titled-Tuesday-Blitz-May-14-2024"]
[Site "Chess.com"]
[Date "2024.05.14"]
[Round "5"]
[White "platy3"]
[Black "Korchmar_Vasiliy"]
[Result "1-0"]
[WhiteElo "2865"]
[BlackElo "2673"]
[TimeControl "180+1"]
[EndTime "8:58:48 PDT"]
[Termination "platy3 won on time"]

1. e4 c5 2. Nf3 d6 3. d4 cxd4 4. Nxd4 Nf6 5. Nc3 e5 6. Bb5+ Nbd7 7. Nf5 a6 8. Ba4 b5 9. Bb3 Nc5 10. Bg5 Bxf5 11. exf5 Be7 12. O-O O-O 13. Bxf6 Bxf6 14. Nd5 e4 15. c3 Be5 16. Qg4 Re8 17. Rad1 a5 18. Rfe1 b4 19. Bc2 bxc3 20. bxc3 Rb8 21. Bxe4 h5 22. Qf3 Bxh2+ 23. Kxh2 Qh4+ 24. Kg1 Rxe4 25. g3 Qg4 26. Kg2 Rb2 27. Ne3 Qxf3+ 28. Kxf3 Ra4 29.
Rxd6 Ne4 30. Rd8+ Kh7 31. Nd1 Ng5+ 32. Kg2 Rb5 33. Ree8 Rxf5 34. Ne3 Rc5 35. Nd5 Ne6 36. Rh8+ Kg6 37. Rd6 Rxa2 38. Nf4+ Kf6 39. Rxh5 Rxh5 40.
Nxh5+ Ke7 41. Ra6 a4 42. Kf3 Ra1 43. g4 a3 44. Ng3 a2 45. Nf5+ Kf6 46. Ne3 g6 47. Nc2 Rc1 48. Rxa2 Ng5+ 49. Ke3 Ne6 50. Kd2 Rg1 51. Ne3 Ke5 52. Ra5+ Ke4 53. Ra7 f5 54. gxf5 gxf5 55. Re7 Ke5 56. f4+ Kd6 57. Nxf5+ Kd5 58.
c4+ Kxc4 59. Rxe6 Kd5 60. Re5+ 1-0

[Event "Early-Titled-Tuesday-Blitz-May-14-2024"]
[Site "Chess.com"]
[Date "2024.05.14"]
[Round "5"]
[White "ZeZacarias"]
[Black "zajka-molotok"]
[Result "0-1"]
[WhiteElo "2049"]
[BlackElo "2548"]
[TimeControl "180+1"]
[EndTime "8:58:49 PDT"]
[Termination "zajka-molotok won on time"]

1. d4 Nf6 2. c4 e6 3. Nf3 c5 4. g3 b6 5. Bg2 Bb7 6. O-O cxd4 7. Qxd4 Bc5 8. Qd1 O-O 9. b3 d5 10. cxd5 Nxd5 11. Bb2 Nc6 12. Nc3 Nxc3 13. Bxc3 Qe7 14. Qc2 Rac8 15. Qb2 f6 16. a3 e5 17. b4 Bd6 18. Rfd1 Bb8 19. Rd2 Rfd8 20. Rad1 Rxd2 21.
Rxd2 Rd8 22. Qb3+ Kh8 23. Nh4 Rxd2 24. Bxd2 Nd4 25. Qd3 Bxg2 26. Kxg2 g6 27. Bc3 Qb7+ 28. Kg1 Ne6 29. f4 b5 30. Nxg6+ hxg6 31. Qxg6 Qb6+ 32. Kf1 Ng7 33. h4 Qc6 34. h5 Qh1+ 35. Kf2 Qh2+ 36. Kf1 Qxh5 37. Qxf6 Qh3+ 38. Kf2 Qh2+ 39. Kf1 Qxg3 40.
Bxe5 Bxe5 41. fxe5 Qg4 42. e3 Qf5+ 43. Ke2 Qxf6 44.
exf6 Ne6 45. e4 Kg8 46. Ke3 Kf7 47. e5 Nc7 48. Ke4 Ke6 49. Kd4 Na6 50. f7 Kxf7 51. Kd5 Nb8 52. Kd6 Ke8 53. Kc7 Na6+ 54. Kb7 Nxb4 55.
axb4 Kd7 56. Kxa7 Kc6 0-1

[Event "Early-Titled-Tuesday-Blitz-May-14-2024"]
[Site "Chess.com"]
[Date "2024.05.14"]
[Round "5"]
[White "LangesNasenhaar"]
[Black "TERMINATOR_PC"]
[Result "1-0"]
[WhiteElo "2471"]
[BlackElo "2599"]
[TimeControl "180+1"]
[EndTime "8:58:50 PDT"]
[Termination "LangesNasenhaar won by resignation"]

1. d4 Nf6 2. Bg5 d6 3. Bxf6 exf6 4. c4 g6 5. e3 Bg7 6. g3 f5 7. Nc3 O-O 8. Nge2 c6 9. Bg2 Nd7 10. O-O Nf6 11. b4 h5 12. h4 Bd7 13. a4 a5 14.
b5 Qe7 15. Qc2 Rac8 16. Rab1 Ng4 17. bxc6 bxc6 18. Rb7 Rb8 19. Qb3 Rxb7 20. Qxb7 c5 21. Nd5 Qe8 22. Nb6 Bxa4 23. dxc5 dxc5 24. Nf4 Bb3 25.
Nd7 Bxc4 26. Rc1 Ba6 27. Qa7 Bb5 28. Nxf8 Bxf8 29. Qxa5 c4 30. Nd5 Bc6 31. Rxc4 Bxd5 32.
Bxd5 Qe7 33. Rc7 Qd8 34. Bxf7+ Kh8 35. Qa1+ Bg7 36. Qc1 Kh7 37. Bb3 Ne5 38. Rc8 Qd6 39. Bg8+ Kh8 40. e4 Nd3 41. Bc4+ Kh7 42. Bxd3 Qxd3 43.
exf5 Qxf5 44. Rc5 Qe4 45. Rc6 Bd4 46. Qc2 Qg4 47. Kg2 Be5 48. Rc4 Qf5 49. Qxf5 gxf5 50. Rc5 Bf6 51. Rxf5 Kg6 52. Rf3 Bg7 53. Rb3 Bf6 54.
f3 Kg7 55. Kh3 Kg6 56. g4 hxg4+ 57. fxg4 Bg7 58. h5+ Kh7 59. Rb5 Bf6 60. Kg3 Bg7 61. Kh4 Bh6 62. g5 Bg7 63. Rb7 Kh8 64. Kg4 Kh7 65. Kf5 Kh8 66. g6 Kg8 67. Rb8+ Bf8 68. Rxf8+ Kxf8 69. h6 Kg8 70. Kf6 1-0